 Dungeon Crawl Stone Soup version 0.17-a0-2215-g49c1de0 (webtiles) character file.

127 hexophile the Ruffian (level 4, -7/44 HPs)
             Began as a Troll Monk on Oct 27, 2015.
             Killed by divine providence
             ... invoked by an orc priest
              (16 damage)
             ... on level 3 of the Dungeon.
             The game lasted 00:02:03 (1977 turns).

hexophile the Ruffian (Troll Monk)                  Turns: 1977, Time: 00:02:03

Health: -7/44      AC:  5    Str: 20    XL:     4   Next: 85%
Magic:  3/3        EV: 10    Int: 11    God:
Gold:   104        SH:  0    Dex: 12    Spells: 0 memorised, 3 levels left

rFire  . . .     SeeInvis .       - Unarmed
rCold  . . .     Clarity  .     a - +0 robe
rNeg   . . .     SustAt   .     (no shield)
rPois  .         Gourm    +     (helmet restricted)
rElec  .         Spirit   .     (no cloak)
rCorr  .         Warding  .     (gloves unavailable)
rMut   .         Stasis   .     (boots unavailable)
MR     .....                    (no amulet)
Stlth  ++........               (no ring)
                                (no ring)

@: brilliant, very slightly contaminated, hasted, very quick, not resistant to
hostile enchantments, unstealthy
A: unfitting armour, claws 3, camouflage 1, fast metabolism 3, gourmand,
mutation resistance 1, regeneration 2, shaggy fur 1, tough skin 2
a: no special abilities


You were on level 3 of the Dungeon.
You were very full.

You visited 1 branch of the dungeon, and saw 3 of its levels.

You collected 104 gold pieces.


Innate Abilities, Weirdness & Mutations

You are too large for most types of armour.
You have claws for hands.
Your metabolism is lightning-fast.
You like to eat raw meat.
You heal very quickly.
You are covered in fur (AC +1).
You have very tough skin (AC +2).
Your skin changes colour to match your surroundings (Stealth).
You are somewhat resistant to further mutation.

Inventory:

Missiles
 n - 9 poisoned needles
Armour
 a - a +0 robe (worn)
Scrolls
 c - a scroll of magic mapping {unknown}
 d - 2 scrolls of identify {unknown}
 e - 2 scrolls of random uselessness {unknown}
 h - 4 scrolls of enchant weapon {unknown}
 j - 2 scrolls of fog {unknown}
 p - a scroll of recharging {unknown}
 q - 3 scrolls of enchant armour {unknown}
Potions
 k - a potion of brilliance
 l - 2 potions of curing
 u - a potion of poison {unknown}
Comestibles
 b - 5 bread rations
 i - 3 fruits
 o - a beef jerky
 r - 2 slices of pizza
 s - 6 chunks of flesh
 t - 3 meat rations


You had 3 spell levels left.
You didn't know any spells.


   Skills:
 - Level 2.4 Fighting
 - Level 2.4 Dodging
 - Level 1.1 Stealth
 + Level 6.2 Unarmed Combat

Dungeon Overview and Level Annotations

Branches:
Dungeon (3/15)

Altars:
Ashenzari
Fedhas

Vault maps used:
D:1:      sevenhm_arrival_forest_fort_small_3, minivault_19,
          roderic_aztec_sauvastika
D:2:      lemuel_doored_altar, old_standard_altar, hex_medium
D:3:      grunt_temple_overflow_lords_of_destruction, first_bread,
          minmay_rat_hole
You       could see an orc priest and an orc.


Message History

You take 13 damage, and have 37/66 hp.
Your transformation is almost over.
The orc hits you but does no damage. The orc hits you but does no damage.
The orc hits you but does no damage.
Drink which item? (? for menu, Esc to quit)
It was a potion of haste.
You feel yourself speed up. The orc completely misses you.
The orc priest mumbles some strange prayers to Beogh against you.
Something smites you!
You are very lightly contaminated with residual magic.
You take 11 damage, and have 29/66 hp.
Drink which item? (? for menu, Esc to quit)
It was a potion of mutation.
You feel extremely strange.
Your skin functions as natural camouflage.
You feel genetically stable. The orc hits you but does no damage.
The orc hits you from afar with a trident.
You take 1 damage, and have 29/66 hp.
The orc hits you but does no damage. The orc hits you but does no damage.
The orc hits you from afar with a trident.
* * * LOW HITPOINT WARNING * * *
You take 4 damage, and have 26/66 hp.
You feel less woody.
Your +0 robe unmelds from your body.
You now have 18/44 hp.
The orc closely misses you.
Unknown command.
The orc closely misses you.
Found a stone staircase leading down.
You see here a mace.
You scratch the orc but do no damage. You scratch the orc but do no damage.
The orc hits you with a trident.
* * * LOW HITPOINT WARNING * * *
You take 3 damage, and have 16/44 hp.
You closely miss the orc. You barely miss the orc.
The orc hits you but does no damage.
You claw the orc!
You kill the orc!
You barely miss the orc priest. The orc priest hits you with a mace!
* * * LOW HITPOINT WARNING * * *
You take 8 damage, and have 9/44 hp.
You scratch the orc priest.
The orc priest is moderately wounded.
You scratch the orc priest.
The orc priest is heavily wounded.
The orc priest mumbles some strange prayers to Beogh against you.
Something smites you!
You die...

Action                   |  1- 3 |  4- 6 || total
-------------------------+-------+-------++-------
Melee: Unarmed           |    80 |    56 ||   136
  Use: Potion            |       |     5 ||     5
 Stab: Sleeping          |     4 |       ||     4
  Eat: Chunk             |    18 |     5 ||    23

Notes
Turn   | Place    | Note
--------------------------------------------------------------
     0 | D:1      | hexophile the Troll Monk began the quest for the Orb.
     0 | D:1      | Reached XP level 1. HP: 22/22 MP: 0/0
   188 | D:1      | Reached XP level 2. HP: 29/29 MP: 1/1
   842 | D:2      | Reached skill level 5 in Unarmed Combat
   842 | D:2      | Reached XP level 3. HP: 21/36 MP: 2/2
   900 | D:2      | Found a blossoming altar of Fedhas.
  1224 | D:2      | Found a shattered altar of Ashenzari.
  1350 | D:2      | Reached XP level 4. HP: 44/44 MP: 3/3
  1924 | D:3      | Reached skill level 6 in Unarmed Combat
  1959 | D:3      | Gained mutation: Your skin changes colour to match your surroundings (Stealth). [potion of mutation]
  1959 | D:3      | Gained mutation: You are somewhat resistant to further mutation. [potion of mutation]
  1977 | D:3      | Killed from afar by an orc priest

Table legend:
 A = Turns spent in this place as a percentage of turns spent in the entire game.
 B = Non-inter-level travel turns spent in this place as a percentage of non-inter-level travel turns spent in the entire game.
 C = Inter-level travel turns spent in this place as a percentage of turns spent in this place.
 D = Turns resting spent in this place as a percentage of non-inter-level travel turns spent in this place.
 E = Turns spent auto-exploring this place as a percentage of non-inter-level travel turns spent in this place.
 F = Non-inter-level travel turns spent in this place divided by the number of levels of this place that you've seen.
                   A       B       C       D       E      F
               +-------+-------+-------+-------+-------+----------------------
         Total | 100.0 | 100.0 |   0.5 |   0.3 |  12.5 | 202.7
       Dungeon | 100.0 | 100.0 |   0.5 |   0.3 |  12.5 | 202.7
               +-------+-------+-------+-------+-------+----------------------

Table legend:
 A = Kills in this place as a percentage of kills in entire the game.
 B = Kills by you in this place as a percentage of kills by you in the entire game.
 C = Kills by friends in this place as a percentage of kills by friends in the entire game.
 D = Other kills in this place as a percentage of other kills in the entire game.
 E = Experience gained in this place as a percentage of experience gained in the entire game.
 F = Experience gained in this place divided by the number of levels of this place that you have seen.
                   A       B       C       D       E      F
               +-------+-------+-------+-------+-------+----------------------
         Total | 100.0 | 100.0 |  -nan |  -nan | 100.0 |  60.7
       Dungeon | 100.0 | 100.0 |  -nan |  -nan | 100.0 |  60.7
               +-------+-------+-------+-------+-------+----------------------

Vanquished Creatures
  An orc priest (D:3)
  3 adders (D:2)
  A worm (D:2)
  A giant gecko (D:1)
  An orc (D:3)
  3 bats
  2 giant cockroaches
  11 hobgoblins
  9 kobolds
  A quokka (D:3)
  A giant newt (D:2)
  5 goblins
  3 jackals (D:1)
  24 rats
66 creatures vanquished.
